 Dungeon Crawl Stone Soup version 0.31.0-11-ge490571c62 (webtiles) character file.

Game seed: 13762164592062633447

253 thirtiethelement the Chopper (level 5, -2/42 HPs)
             Began as a Demonspawn Berserker on Jan 28, 2024.
             Was a Priest of Trog.
             Slain by a gnoll
             ... wielding a +0 spear
              (4 damage)
             ... on level 3 of the Dungeon.
             The game lasted 00:03:45 (1879 turns).

thirtiethelement the Chopper (Demonspawn Berserker) Turns: 1879, Time: 00:03:46

Health: -2/42      AC:  7    Str: 19    XL:     5   Next: 90%
Magic:  5/5        EV: 10    Int:  8    God:    Trog [***...]
Gold:   98         SH:  4    Dex: 12    Spells: 4/4 levels left

rFire   . . .        a - +0 hand axe
rCold   . . .        (no shield)
rNeg    . . .        e - +0 scale mail
rPois   .            p - +0 hat
rElec   .            (no cloak)
rCorr   .            (no gloves)
SInv    .            c - +0 pair of boots
Will    ++...        (no amulet) Stlth
                     (no ring)
HPRegen 1.27/turn    (no ring)
MPRegen 0.09/turn

%: no passive effects
@: strong-willed (expiring), regenerating (expiring)
A: antennae 1, condensation shield
a: Renounce Religion, Berserk, Trog's Hand


You were on level 3 of the Dungeon.
You worshipped Trog.
Trog was most pleased with you.
You visited 1 branch of the dungeon, and saw 3 of its levels.

You collected 98 gold pieces.

Inventory:

Hand Weapons
 a - a +0 hand axe (weapon)
Missiles
 d - 2 boomerangs (quivered)
Armour
 c - a +0 pair of boots (worn)
 e - a +0 scale mail (worn)
 p - a +0 hat (worn)
Jewellery
 q - a +4 ring of protection
Scrolls
 h - 4 scrolls of identify {unknown}
 j - a scroll of poison {unknown}
 l - a scroll of amnesia {unknown}
 n - a scroll of noise {unknown}
 o - a scroll of enchant weapon {unknown}
Potions
 b - a potion of berserk rage {unknown}
 f - a potion of might {unknown}
 g - a potion of invisibility {unknown}
 i - a potion of haste {unknown}
 k - a potion of attraction {unknown}
 m - a potion of heal wounds {unknown}


   Skills:
 + Level 4.1 Fighting
 + Level 4.5 Axes
 + Level 2.9 Armour
 + Level 2.2 Dodging
 + Level 0.8 Shields


You had 4 spell levels left.
You didn't know any spells.
Your spell library contained the following spells:

 Spells                   Type           Power      Damage    Failure   Level
 Fugue of the Fallen      Necr           0%         N/A       98%         3
 Ozocubu's Armour         Ice            0%         N/A       98%         3
 Manifold Assault         Tloc           0%         N/A       100%        4


Dungeon Overview and Level Annotations

Branches:
Dungeon (3/15)

Altars:
Hepliaklqana
Sif Muna

Annotations:
D:3 1 transporter


Innate Abilities, Weirdness & Mutations

You have a pair of small antennae on your head.
A meltable shield of frost defends you. (SH +4)


Message History

The gnoll hits you but does no damage.
You hit the gnoll.
The gnoll is lightly wounded.
The gnoll hits you from afar with a +0 spear.
You block the gnoll's attack.
You hit the gnoll.
The gnoll is moderately wounded.
The gnoll closely misses you. The gnoll barely misses you.
You closely miss the gnoll.
The gnoll is moderately wounded.
The gnoll hits you from afar with a +0 spear.
The gnoll closely misses you.
You barely miss the gnoll.
The gnoll is moderately wounded.
The gnoll hits you from afar with a +0 spear.
* * * LOW HITPOINT WARNING * * *
You block the gnoll's attack.
You hit the gnoll.
The gnoll is heavily wounded.
The gnoll hits you but does no damage. The gnoll hits you with a +0 club.
* * * LOW HITPOINT WARNING * * *
Your skin crawls.
You feel strong-willed.
The gnoll hits you from afar with a +0 spear.
* * * LOW HITPOINT WARNING * * *
The gnoll barely misses you.
You hit the gnoll.
The gnoll is almost dead.
You barely miss the gnoll.
The gnoll is almost dead.
You block the gnoll's attack.
The gnoll hits you from afar with a +0 spear.
* * * LOW HITPOINT WARNING * * *
You feel the effects of Trog's Hand fading.
You barely miss the gnoll.
The gnoll is almost dead.
The gnoll hits you with a +0 club.
* * * LOW HITPOINT WARNING * * *
The gnoll hits you from afar with a +0 spear.
You die...

#.##......##..# #.#.≈≈.#..
#.#..#..#..#..# #.#.≈≈.##.
###.#._#..#_.#..# #...≈≈..#
#...#..#..#..#..# ###.≈≈###.
#...#⌠.#..#.⌠#..# .≈≈#g
###.#.####''####..# # .
........8#..#8..).###### ≈#..
####....'....'..g.g.)).##
≈≈###
##...8####8..@#####..##.≈≈≈≈≈
#............# ##....≈≈≈≈≈
############## ##........
##....... #######


You could see 2 gnolls.

Vanquished Creatures
  Natasha (thrice) (D:2)
  Terence (D:2)
  Robin (D:2)
  2 gnolls (D:3)
  4 adders
  2 ribbon worms
  8 bats
  4 endoplasms
  2 giant cockroaches
  12 goblins
  6 hobgoblins
  11 jackals
  4 kobolds
  3 quokkas
  6 ball pythons
  5 frilled lizards
  4 rats
78 creatures vanquished.

Notes
Turn   | Place    | Note
-------+----------+-------------------------------------------
     0 | D:1      | thirtiethelement the Demonspawn Berserker began the quest
                  | for the Orb.
     0 | D:1      | Reached XP level 1. HP: 18/18 MP: 1/1
   103 | D:1      | Gained mutation: A meltable shield of frost defends you.
                  | (SH +4) [demonic ancestry]
   103 | D:1      | Reached XP level 2. HP: 12/24 MP: 2/2
   329 | D:1      | Reached ** piety under Trog
   333 | D:1      | Reached XP level 3. HP: 26/29 MP: 3/3
   400 | D:1      | You fall into a shaft and drop 1 floor!
   672 | D:2      | Noticed Robin
   684 | D:2      | Gained mutation: You have a pair of small antennae on your
                  | head. [demonic ancestry]
   684 | D:2      | Reached XP level 4. HP: 12/35 MP: 4/4
   684 | D:2      | Killed Robin
   822 | D:2      | Noticed Natasha
   845 | D:2      | Killed Natasha
  1040 | D:2      | Noticed Natasha
  1053 | D:2      | Killed Natasha
  1054 | D:2      | Reached XP level 5. HP: 25/42 MP: 5/5
  1263 | D:2      | Noticed Natasha
  1270 | D:2      | Killed Natasha
  1323 | D:2      | Noticed Terence
  1340 | D:2      | Killed Terence
  1669 | D:3      | Reached *** piety under Trog
  1705 | D:3      | Found a transporter.
  1779 | D:3      | Found a shimmering blue altar of Sif Muna.
  1813 | D:3      | Found a hazy altar of Hepliaklqana.
  1872 | D:3      | HP: 2/42 [gnoll/+0 spear (4)]
  1879 | D:3      | HP: 2/42 [gnoll/+0 club (4)]
  1879 | D:3      | Slain by a gnoll

Illustrated notes

Levels and vault maps discovered:
D:1:      mrwooster_arrival_statue_2, layout_rooms
D:2:      layout_basic, uniq_terence, uniq_robin, uniq_natasha
D:3:      layout_loops_ring, mainiacjoe_overflow_catwalk, jmf_multi_god_temple2,
          gammafunk_ghost_gnarly_gnolls, nicolae_houndstooth_variations

Skill      XL: |  1  2  3  4  5 |
---------------+----------------+-----
Axes           | 3 4 |  4.5
Dodging        | 2 |  2.2
Armour         | 2 |  2.9
Fighting       | 4 |  4.1
Shields        | |  0.8

Action                     |  1- 3 |  4- 6 || total
---------------------------+-------+-------++-------
  Melee: Hand axe          |   114 |   128 ||   242
         Punch             |     1 |       ||     1
 Invoke: Berserk           |     1 |     2 ||     3
         Trog's Hand       |     1 |     1 ||     2
 Armour: Scale mail        |    92 |   116 ||   208
  Dodge: Dodged            |   105 |    71 ||   176
  Block: Other             |    28 |    30 ||    58
